 Dungeon Crawl Stone Soup version 0.28.0-53-g5a82cb258f (webtiles) character file.

Game seed: 6235036704422433507

16042 cbfl8 the Cleaver (level 12, -6/157 (165) HPs)
             Began as a Minotaur Berserker on July 26, 2022.
             Was a High Priest of Trog.
             Mangled by Frances
             ... wielding a +0 glaive
              (12 damage)
             ... on level 12 of the Dungeon.
             The game lasted 00:17:26 (14856 turns).

cbfl8 the Cleaver (Minotaur Berserker)             Turns: 14856, Time: 00:17:28

HP:   -6/157 (165)  AC: 21    Str: 24    XL:     12   Next: 6%
MP:   21/21         EV: 15    Int:  9    God:    Trog [*****.]
Gold: 689           SH:  5    Dex: 13    Spells: 11/11 levels left

rFire   . . .      SeeInvis .   p - +0 battleaxe
rCold   + . .      Faith    .   (shield currently unavailable)
rNeg    + . .      Spirit   .   z - +0 plate armour
rPois   +          Reflect  +   A - +3 hat of Pondering {ponderous, Will+ MP+10 Int+5}
rElec   +          Harm     .   a - +0 cloak of the Elephant {+Inv Fly rPois rN+}
rCorr   +          Rampage  .   e - +0 pair of gloves
Will    ++...                   y - +0 pair of boots
Stlth   ..........              D - amulet of reflection
HPRegen 0.36/turn               m - ring of resist corrosion
MPRegen 0.17/turn               h - ring "Anisiaj" {Contam rElec rC+ Will+ EV+4}

@: berserking (expiring), marked, flying, studying Dodging, lightly drained,
very quick
A: horns 2, retaliatory headbutt
a: Renounce Religion, Evoke Invisibility, Berserk, Trog's Hand, Brothers in Arms


You were on level 12 of the Dungeon.
You worshipped Trog.
Trog was extremely pleased with you.
You visited 1 branch of the dungeon, and saw 12 of its levels.

You collected 689 gold pieces.

Inventory:

Hand Weapons
 f - a +2 antimagic dagger
 p - a +0 battleaxe (weapon)
 E - a +0 antimagic battleaxe
Missiles
 B - 2 throwing nets
Armour
 a - the +0 cloak of the Elephant (worn) {+Inv Fly rPois rN+}
   (You found it on level 9 of the Dungeon)

   rPois:     It protects you from poison.
   rN:        It protects you from negative energy.
   +Inv:      It lets you turn invisible.
   Fly:       It grants you flight.
 e - a +0 pair of gloves (worn)
 y - a +0 pair of boots (worn)
 z - a +0 plate armour (worn)
 A - the +3 hat of Pondering (worn) {ponderous, Will+ MP+10 Int+5}
   (You took it off Gastronok on level 8 of the Dungeon)

   Int:       It affects your intelligence (+5).
   MP:        It affects your magic capacity (+10).
   Will:      It increases your willpower.
 G - an orb of wrath
Jewellery
 h - the ring "Anisiaj" (right hand) {Contam rElec rC+ Will+ EV+4}
   (You found it on level 4 of the Dungeon)

   [ring of evasion]

   EV:        It affects your evasion (+4).
   rC:        It protects you from cold.
   rElec:     It insulates you from electricity.
   Contam:    It causes magical contamination when unequipped.
   Will:      It increases your willpower.
 m - a ring of resist corrosion (left hand)
 s - a ring of protection from cold
 C - an amulet of the acrobat
 D - an amulet of reflection (around neck)
 I - a ring of magical power
Wands
 c - a wand of polymorph (5)
 F - a wand of digging (2)
 K - a wand of flame (15)
Scrolls
 b - 2 scrolls of holy word
 g - 3 scrolls of enchant armour
 q - a scroll of blinking {unknown}
 u - a scroll of amnesia {unknown}
 v - 4 scrolls of fog
 w - 3 scrolls of magic mapping {unknown}
 H - 2 scrolls of teleportation
 J - a scroll of vulnerability {unknown}
Potions
 d - 3 potions of degeneration {unknown}
 j - a potion of invisibility
 k - 4 potions of attraction
 l - 2 potions of heal wounds {unknown}
 n - 3 potions of mutation {unknown}
 o - 3 potions of flight {unknown}
 r - a potion of might {unknown}
 t - 4 potions of curing
 x - a potion of berserk rage {unknown}


   Skills:
 * Level 11.1 Fighting
 + Level 12.9 Axes
 + Level 9.1 Armour
 * Level 10.7 Dodging
 * Level 6.3 Stealth
 + Level 2.3 Shields
 * Level 6.4 Evocations


You had 11 spell levels left.
You didn't know any spells.
Your spell library was empty.

Dungeon Overview and Level Annotations

Branches:
Dungeon (12/15)            Temple (0/1) D:6            Lair (0/6) D:11
    Orc (0/2) D:9

Altars:
Cheibriados
Sif Muna
Yredelemnul
The Shining One

Shops:
D:1 [   D:5 *

Annotations:
D:3 3 runed translucent doors, ImmortalDragon's ghost, amateur GrGl
D:12 Frances


Innate Abilities, Weirdness & Mutations

You have a pair of horns on your head.
You reflexively headbutt those who attack you in melee.


Message History

Deactivating autopickup; reactivate with Ctrl-A.
Frances says, "I have seen worlds and universes beyond all imagining."
You block Frances's attack.
You slice Frances!! You headbutt Frances!
Frances is moderately wounded.
You hit the orc warrior. You block Frances's attack.
Unknown command.
You slash Frances!
Frances is moderately wounded.
You hit the orc warrior. The orc warrior closely misses you.
Frances chants phrases taken from a devil's mouth.
The shard of ice hits you! You partially resist.
* * * LOW HITPOINT WARNING * * *
An orc comes into view. It is wielding a +0 dagger.
You hit Frances.
Frances is heavily wounded.
You slash the orc warrior! Frances hits you but does no damage.
The orc warrior misses you.
Unknown command.
You barely miss Frances.
Frances is moderately wounded.
You closely miss the orc warrior. Frances hits you with a +0 glaive!!
* * * LOW HITPOINT WARNING * * *
An orc comes into view. It is wielding a +0 club.
Unknown command.
You slash Frances!
Frances is heavily wounded.
You barely miss the orc warrior. Frances misses you. You furiously retaliate!
You headbutt Frances!
Unknown command.
You closely miss Frances.
Frances is heavily wounded.
You hit the orc but do no damage. You closely miss the orc warrior.
You slash something!
The shadow strikes at you from the darkness!
* * * LOW HITPOINT WARNING * * *
Reactivating autopickup.
Frances says, "I have seen worlds and universes beyond all imagining."
Frances hits you with a +0 glaive!
You die...

..............##...##
#.............###...#
#.............#
##..##
#.$...........#
##..##
##.....)......# ##..#
##.:........)# ##..
#...........# ##.
#.oooW.....## #.
#.#@@......# #.
#.#........# #####. .
########## ###..... #
###....... ..........
#....>.... #.........
#......... ##........


You could see Frances (fast), an orc warrior, a shadow and 2 orcs.

Vanquished Creatures
  Gastronok (D:8)
  Harold (D:8)
  5 two-headed ogres
  Sonja (D:12)
  2 cyclopes
  An ugly thing (D:11)
  An oklob plant (D:11)
  A manticore (D:11)
  A moth of wrath (shapeshifter) (D:12)
  An unseen horror (D:11)
  Maggie (D:7)
  2 komodo dragons (D:11)
  A hornet (D:10)
  A shadow (D:11)
  A wraith (D:9)
  A vampire (D:11)
  8 yaks
  A steam dragon (D:6)
  An acid dragon (D:11)
  2 water moccasins
  Duvessa (D:7)
  3 ice beasts
  3 black bears
  3 orc warriors
  2 sky beasts
  2 centaurs
  2 ogres
  3 phantoms
  A kobold brigand (D:10)
  4 bullfrogs
  A gnoll sergeant (D:8)
  5 scorpions
  Dowan (D:7)
  13 killer bees
  7 wights
  5 crimson imps (D:10)
  5 centaur zombies
  5 hounds
  3 jellies
  2 centaur skeletons (D:6)
  5 orc priests
  Crazy Yiuf (D:7)
  Jessica (D:3)
  3 iguanas
  Terence (D:3)
  6 orc wizards
  3 killer bee zombies
  A hound skeleton (D:4)
  Robin (D:2)
  3 gnolls (D:8)
  11 adders
  A shadow imp (D:8)
  6 white imps
  3 worms
  2 dart slugs
  50 orcs
  5 bats
  3 endoplasms
  8 giant cockroaches
  18 goblins
  13 hobgoblins
  5 jackals
  4 quokkas
  6 ball pythons
  8 frilled lizards
  21 kobolds
  5 rats
299 creatures vanquished.

Vanquished Creatures (others)
  A kobold brigand (D:9)
  A kobold (D:9)
  3 plants (D:11)
5 creatures vanquished.

Grand Total: 304 creatures vanquished

Notes
Turn   | Place    | Note
-------+----------+-------------------------------------------
     0 | D:1      | cbfl8 the Minotaur Berserker began the quest for the Orb.
     0 | D:1      | Reached XP level 1. HP: 19/19 MP: 0/0
    74 | D:1      | Found Nanlumub's Armour Boutique.
   128 | D:1      | Found a faded altar of an unknown god.
   291 | D:1      | Reached XP level 2. HP: 27/27 MP: 1/1
   322 | D:1      | Reached skill level 4 in Axes
   934 | D:2      | Reached XP level 3. HP: 31/33 MP: 2/2
  1093 | D:2      | Noticed Robin
  1103 | D:2      | Reached ** piety under Trog
  1107 | D:2      | Killed Robin
  1343 | D:2      | Reached XP level 4. HP: 41/41 MP: 3/3
  1800 | D:2      | Reached skill level 5 in Axes
  2177 | D:3      | Found a runed translucent gate.
  2178 | D:3      | Found a runed translucent gate.
  2179 | D:3      | Found a runed translucent gate.
  2181 | D:3      | Noticed ImmortalDragon's ghost (amateur GrGl)
  2430 | D:3      | Noticed Jessica
  2445 | D:3      | Killed Jessica
  2446 | D:3      | Reached XP level 5. HP: 47/47 MP: 4/4
  2984 | D:3      | Noticed Terence
  2997 | D:3      | Killed Terence
  2997 | D:3      | Reached *** piety under Trog
  3580 | D:4      | You fall into a shaft and drop 1 floor!
  3580 | D:5      | Entered Level 5 of the Dungeon
  3584 | D:5      | Noticed an ogre
  3585 | D:5      | Noticed an ice beast
  3589 | D:5      | Reached skill level 1 in Evocations
  3590 | D:5      | Reached skill level 1 in Stealth
  3590 | D:5      | Reached XP level 6. HP: 50/55 MP: 5/5
  3596 | D:5      | Killed an ice beast
  3597 | D:5      | Reached skill level 5 in Fighting
  3600 | D:5      | Reached skill level 6 in Axes
  3601 | D:5      | Reached XP level 7. HP: 18/61 MP: 6/6
  3610 | D:5      | HP: 3/61 [centaur zombie (2)]
  4202 | D:5      | Reached skill level 5 in Armour
  4239 | D:5      | Found Hoadiept's Overcharged Wands.
  4724 | D:4      | Identified the ring "Anisiaj" {Contam rElec rC+ Will+ EV+4}
  4738 | D:4      | Identified the +3 dagger "Daluru Epaw" {holy, Dex+4}
  5001 | D:4      | Reached XP level 8. HP: 51/70 MP: 7/7
  5001 | D:4      | Found a shimmering blue altar of Sif Muna.
  5323 | D:4      | Reached skill level 7 in Axes
  5566 | D:4      | Reached **** piety under Trog
  5935 | D:6      | Reached skill level 5 in Dodging
  6146 | D:6      | Reached skill level 8 in Axes
  6428 | D:6      | Reached XP level 9. HP: 79/79 MP: 8/8
  6872 | D:6      | Found a staircase to the Ecumenical Temple.
  6969 | D:7      | Noticed Duvessa
  6970 | D:7      | Noticed Dowan
  6977 | D:7      | Killed Duvessa
  6981 | D:7      | Killed Dowan
  7357 | D:7      | Reached skill level 9 in Axes
  7557 | D:7      | Noticed Maggie
  7570 | D:7      | Killed Maggie
  8129 | D:7      | Found a runed translucent door.
  8130 | D:7      | Noticed Crazy Yiuf
  8218 | D:7      | Killed Crazy Yiuf
  8225 | D:7      | Identified the +7 mace of Disaster {protect, Dex+3}
  8344 | D:8      | Noticed Gastronok
  8362 | D:8      | Killed Gastronok
  8363 | D:8      | Reached skill level 10 in Axes
  8363 | D:8      | Reached XP level 10. HP: 90/90 MP: 9/9
  8551 | D:8      | Reached ***** piety under Trog
  9099 | D:8      | Noticed Harold
  9108 | D:8      | Killed Harold
  9496 | D:9      | Reached skill level 11 in Axes
  9496 | D:9      | Reached skill level 5 in Evocations
  9575 | D:9      | Found a basalt altar of Yredelemnul.
  9577 | D:9      | Noticed a profane servitor
  9601 | D:9      | Reached skill level 5 in Stealth
  9604 | D:9      | Found a staircase to the Orcish Mines.
  9690 | D:9      | Identified the +0 cloak of the Elephant {+Inv Fly rPois
                  | rN+}
  9933 | D:9      | Found a glowing golden altar of the Shining One.
  9949 | D:9      | Noticed an angel
 10777 | D:10     | Entered Level 10 of the Dungeon
 10849 | D:10     | Found a snail-covered altar of Cheibriados.
 11137 | D:10     | Noticed a cyclops
 11140 | D:10     | Noticed a two-headed ogre
 11280 | D:10     | Killed a cyclops
 11281 | D:10     | Reached XP level 11. HP: 99/99 MP: 10/10
 11284 | D:10     | Killed a two-headed ogre
 11368 | D:10     | Reached skill level 10 in Fighting
 11375 | D:10     | Reached skill level 1 in Shields
 11577 | D:10     | Reached skill level 12 in Axes
 11727 | D:10     | Noticed a two-headed ogre
 11738 | D:10     | Killed a two-headed ogre
 12731 | D:11     | Noticed a two-headed ogre
 12739 | D:11     | Killed a two-headed ogre
 12775 | D:11     | Noticed a two-headed ogre
 12824 | D:11     | Noticed a two-headed ogre
 12835 | D:11     | Killed a two-headed ogre
 12836 | D:11     | Reached skill level 10 in Dodging
 13223 | D:11     | Noticed an oklob plant
 13655 | D:11     | Found a staircase to the Lair.
 13682 | D:11     | Killed an oklob plant
 13885 | D:11     | Noticed a cyan ugly thing
 13893 | D:11     | Killed a cyan ugly thing
 14415 | D:11     | Killed a two-headed ogre
 14804 | D:12     | Noticed Sonja
 14832 | D:12     | Killed Sonja
 14833 | D:12     | Reached XP level 12. HP: 67/102 MP: 11/11
 14844 | D:12     | Noticed Frances
 14856 | D:12     | HP: 6/157 [something (16)]
 14856 | D:12     | Mangled by Frances

Illustrated notes

Levels and vault maps discovered:
D:1:      tarquinn_simple_flora_water_d, layout_loops_ring,
          nicolae_ecumenical_lake_church, serial_shops,
          nicolae_shop_statue_plus, minmay_misc_feat_four_crosses
D:2:      layout_loops_corners, st_stairs_12, minmay_worlds_worst_comb,
          uniq_robin
D:3:      layout_basic, gammafunk_ghost_split, minmay_door_square,
          corner_web_ring, glass_columns_a, fountainhead, uniq_jessica,
          uniq_terence
D:4:      layout_loops_cross, old_standard_altar, chequers_serial_rivers_small_3
D:5:      layout_rooms, nicolae_shop_overcharged_wands
D:6:      layout_basic, minmay_temple_entry_fiery, minmay_between
D:7:      layout_loops_ring, uniq_duvessa, uniq_maggie, uniq_crazy_yiuf_cottage
D:8:      layout_basic, uniq_harold, uniq_gastronok
D:9:      layout_rooms, grunt_temple_overflow_holy_war, david_orc_2,
          lightli_orcish_oven
D:10:     layout_irregular_city, cheibrodos_worm_habitat, minmay_nine_imps
D:11:     layout_layer_cave, dpeg_oklobed_lair, nicolae_fountain_basement
D:12:     layout_cave_pods, uniq_sonja, uniq_frances

Skill      XL: |  1  2  3  4  5  6  7  8  9 10 11 |
---------------+----------------------------------+-----
Axes           | 4 5 6 8 10 11 12 | 12.9
Fighting       | 4 5 6 7 8 9 11 | 11.1
Armour         | 3 4 5 6 7 9 |  9.1
Evocations     | 1 2 3 4 5 6 |  6.4
Dodging        | 3 4 5 7 8 10 | 10.7
Stealth        | 1 2 3 4 5 6 |  6.3
Shields        | 2 |  2.3

Action                   |  1- 3 |  4- 6 |  7- 9 | 10-12 || total
-------------------------+-------+-------+-------+-------++-------
Melee: Hand axe          |    63 |   129 |    71 |       ||   263
       Headbutt          |     9 |    21 |    48 |    56 ||   134
       Punch             |       |     1 |       |       ||     1
       Battleaxe         |       |       |   176 |   288 ||   464
Invok: Berserk           |     1 |     2 |     4 |     9 ||    16
       Trog's Hand       |       |       |       |     1 ||     1
Evoke: Wand              |       |       |     5 |    26 ||    31
  Use: Scroll            |       |       |     3 |     4 ||     7
Armor: Animal skin       |     1 |       |       |       ||     1
       Chain mail        |    38 |    64 |   137 |    50 ||   289
       Plate armour      |       |       |       |   146 ||   146
Dodge: Dodged            |    24 |    59 |   173 |   240 ||   496
Block: Other             |       |       |       |    65 ||    65
       Reflection        |       |       |       |     3 ||     3
